| TOP OF THE 1ST |
|
Bowling Green Hot Rods batting - Pitching for Kannapolis Intimidators : LHP Shane Stratton
|
|
Pitching: LHP Shane Stratton
|
|
|
Batting: RHB Isaiah Easter
|
0-0: Called Strike 0-1: Ball 1-1: Ball 2-1: Ball 3-1: Called Strike 3-2: Strikes out swinging
|
|
Batting: RHB Kunizo Yanagisawa
|
0-0: Swinging Strike 0-1: SINGLE (Groundball, 5S, EV 71.2 MPH) (infield hit)
|
|
Batting: RHB Adam Turpin
|
0-0: Ball 1-0: Called Strike 1-1: Swinging Strike 1-2: Strikes out swinging
|
|
Batting: RHB Alex Zamora
|
0-0: Called Strike 0-1: Ball 1-1: Fly out, F9 (Flyball, 89S, EV 90.6 MPH)
|
| Top of the 1st over - 0 runs, 1 hit, 0 errors, 1 left on base; Bowling Green 0 - Kannapolis 0 |
| BOTTOM OF THE 1ST |
|
Kannapolis Intimidators batting - Pitching for Bowling Green Hot Rods : RHP Ryan Van Riper
|
|
Pitching: RHP Ryan Van Riper
|
|
|
Batting: RHB Sean Peake
|
0-0: Called Strike 0-1: Ball 1-1: Fly out, F9 (Flyball, 9D, EV 101.9 MPH)
|
|
Batting: RHB Tatsunori Hayakawa
|
0-0: Called Strike 0-1: Called Strike 0-2: Ball 1-2: Foul Ball, location: 2F 1-2: Ball 2-2: Foul Ball, location: 2F 2-2: Ground out 5-3 (Groundball, 25, EV 80.6 MPH)
|
|
Batting: RHB Mark Jones
|
0-0: DOUBLE (Groundball, 5L, EV 97.5 MPH)
|
|
Batting: LHB Herkko Haavikko
|
0-0: Ball 1-0: Called Strike 1-1: Ball 2-1: Ball 3-1: Foul Ball, location: 2F 3-2: Strikes out swinging
|
| Bottom of the 1st over - 0 runs, 1 hit, 0 errors, 1 left on base; Bowling Green 0 - Kannapolis 0 |
| TOP OF THE 2ND |
|
Bowling Green Hot Rods batting - Pitching for Kannapolis Intimidators : LHP Shane Stratton
|
|
Batting: RHB Jason Penfield
|
0-0: Foul Ball, location: 2F 0-1: Called Strike 0-2: Ball 1-2: Strikes out swinging
|
|
Batting: RHB Jim Erdody
|
0-0: Foul Ball, location: 2F 0-1: Called Strike 0-2: Foul Ball, location: 2F 0-2: Ball 1-2: Ball 2-2: Ball 3-2: Foul Ball, location: 2F 3-2: Strikes out swinging
|
|
Batting: RHB Eric Waugaman
|
0-0: Swinging Strike 0-1: Swinging Strike 0-2: Ball 1-2: Ball 2-2: Strikes out swinging
|
| Top of the 2nd over - 0 runs, 0 hits, 0 errors, 0 left on base; Bowling Green 0 - Kannapolis 0 |
| BOTTOM OF THE 2ND |
|
Kannapolis Intimidators batting - Pitching for Bowling Green Hot Rods : RHP Ryan Van Riper
|
|
Batting: RHB Armando Vazquez
|
0-0: Ball 1-0: Foul Ball, location: 2F 1-1: Foul Ball, location: 2F 1-2: Ball 2-2: Ground out 6-3 (Groundball, 6, EV 86.2 MPH)
|
|
Batting: SHB Jose Castillo
|
0-0: Ball 1-0: Ball 2-0: SOLO HOME RUN (Line Drive, 89XD, EV 105.0 MPH), Distance : 407 ft
|
|
Batting: RHB Jose Marquez
|
0-0: Called Strike 0-1: Ball 1-1: Called Strike 1-2: Fly out, F6 (Line Drive, 6, EV 68.8 MPH)
|
|
Batting: RHB Jerry Edmiston
|
0-0: Ball 1-0: SINGLE (Line Drive, 9LS, EV 106.2 MPH)
|
|
Batting: RHB Santos Guadalupe
|
0-0: Called Strike 0-1: Foul Ball, location: 2F 0-2: Ball 1-2: Strikes out swinging
|
| Bottom of the 2nd over - 1 run, 2 hits, 0 errors, 1 left on base; Bowling Green 0 - Kannapolis 1 |
| TOP OF THE 3RD |
|
Bowling Green Hot Rods batting - Pitching for Kannapolis Intimidators : LHP Shane Stratton
|
|
Batting: LHB Sean Banks
|
0-0: Swinging Strike 0-1: Called Strike 0-2: Strikes out swinging
|
|
Batting: RHB Chris Glavin
|
0-0: Called Strike 0-1: SINGLE (Groundball, 56D, EV 105.0 MPH)
|
|
Batting: RHB Isaiah Easter
|
0-0: Foul Ball, location: 2F 0-1: Ball 1-1: Foul Ball, location: 2F 1-2: Fly out, F8 (Flyball, 8LD, EV 108.8 MPH)
|
|
Batting: RHB Kunizo Yanagisawa
|
0-0: Ball 1-0: Ball 2-0: Swinging Strike 2-1: Foul Ball, location: 2F 2-2: Ball 3-2: SINGLE (Groundball, 6MD, EV 94.4 MPH) Chris Glavin to second Chris Glavin to third
|
|
Batting: RHB Adam Turpin
|
0-0: Ball Passed Ball! Chris Glavin scores Kunizo Yanagisawa to second 1-0: TRIPLE (Flyball, 78XD, EV 111.2 MPH) Kunizo Yanagisawa scores
|
|
Batting: RHB Alex Zamora
|
0-0: Ball 1-0: Ball 2-0: Ball 3-0: Called Strike 3-1: Foul Ball, location: 2F 3-2: Strikes out swinging
|
| Top of the 3rd over - 2 runs, 3 hits, 0 errors, 1 left on base; Bowling Green 2 - Kannapolis 1 |
| BOTTOM OF THE 3RD |
|
Kannapolis Intimidators batting - Pitching for Bowling Green Hot Rods : RHP Ryan Van Riper
|
|
Batting: RHB Sean Peake
|
0-0: Ball 1-0: TRIPLE (Flyball, 89XD, EV 100.0 MPH)
|
|
Batting: RHB Tatsunori Hayakawa
|
0-0: Fly out, F6 (Popup, 6M, EV 63.8 MPH)
|
|
Batting: RHB Mark Jones
|
0-0: Ball 1-0: Ball 2-0: Foul Ball, location: 2F 2-1: Fly out, F7 (Flyball, 78M, EV 96.9 MPH) Runner from 3rd tags up, SCORES, throw by LF
|
|
Batting: LHB Herkko Haavikko
|
0-0: SINGLE (Line Drive, 5D, EV 93.8 MPH)
|
|
Batting: RHB Armando Vazquez
|
0-0: Ball 1-0: Foul Ball, location: 2F 1-1: Fielders Choice at 2nd, 6-4 (Groundball, 6, EV 91.2 MPH)
|
| Bottom of the 3rd over - 1 run, 2 hits, 0 errors, 1 left on base; Bowling Green 2 - Kannapolis 2 |
| TOP OF THE 4TH |
|
Bowling Green Hot Rods batting - Pitching for Kannapolis Intimidators : LHP Shane Stratton
|
|
Batting: RHB Jason Penfield
|
0-0: Called Strike 0-1: Ball 1-1: Ground out 5-3 (Groundball, 5, EV 93.8 MPH)
|
|
Batting: RHB Jim Erdody
|
0-0: Called Strike 0-1: Ball 1-1: Called Strike 1-2: Ground out U3 (Groundball, 3, EV 84.4 MPH)
|
|
Batting: RHB Eric Waugaman
|
0-0: Ball 1-0: Fly out, F8 (Flyball, 8LXD, EV 111.2 MPH)
|
| Top of the 4th over - 0 runs, 0 hits, 0 errors, 0 left on base; Bowling Green 2 - Kannapolis 2 |
| BOTTOM OF THE 4TH |
|
Kannapolis Intimidators batting - Pitching for Bowling Green Hot Rods : RHP Ryan Van Riper
|
|
Batting: SHB Jose Castillo
|
0-0: Ball 1-0: Bunt missed! 1-1: Ball 2-1: Foul Ball, location: 2F 2-2: Ground out 4-3 (Groundball, 4, EV 90.6 MPH)
|
|
Batting: RHB Jose Marquez
|
0-0: Ball 1-0: Ball 2-0: Ball 3-0: Called Strike 3-1: Swinging Strike 3-2: Base on Balls
|
|
Batting: RHB Jerry Edmiston
|
0-0: Grounds into double play, 6-4-3 (Groundball, 6, EV 87.5 MPH)
|
| Bottom of the 4th over - 0 runs, 0 hits, 0 errors, 0 left on base; Bowling Green 2 - Kannapolis 2 |
| TOP OF THE 5TH |
|
Bowling Green Hot Rods batting - Pitching for Kannapolis Intimidators : LHP Shane Stratton
|
|
Batting: LHB Sean Banks
|
0-0: Ball 1-0: SINGLE (Groundball, 6D, EV 98.8 MPH)
|
|
Batting: RHB Chris Glavin
|
0-0: Ball 1-0: Swinging Strike 1-1: Foul Ball, location: 2F 1-2: Grounds into double play, 6-4-3 (Groundball, 6M, EV 108.1 MPH)
|
|
Batting: RHB Isaiah Easter
|
0-0: Fly out, F8 (Flyball, 8RD, EV 88.1 MPH)
|
| Top of the 5th over - 0 runs, 1 hit, 0 errors, 0 left on base; Bowling Green 2 - Kannapolis 2 |
| BOTTOM OF THE 5TH |
|
Kannapolis Intimidators batting - Pitching for Bowling Green Hot Rods : RHP Ryan Van Riper
|
|
Batting: RHB Santos Guadalupe
|
0-0: Ground out 6-3 (Groundball, 6, EV 81.9 MPH)
|
|
Batting: RHB Sean Peake
|
0-0: Fly out, F9 (Flyball, 89M, EV 81.9 MPH)
|
|
Batting: RHB Tatsunori Hayakawa
|
0-0: Called Strike 0-1: Ground out 4-3 (Groundball, 34, EV 85.0 MPH)
|
| Bottom of the 5th over - 0 runs, 0 hits, 0 errors, 0 left on base; Bowling Green 2 - Kannapolis 2 |
| TOP OF THE 6TH |
|
Bowling Green Hot Rods batting - Pitching for Kannapolis Intimidators : LHP Shane Stratton
|
|
Batting: RHB Kunizo Yanagisawa
|
0-0: Called Strike 0-1: Ball 1-1: Called Strike 1-2: Ball 2-2: Reached on error, E2 (Groundball, 15S, EV 62.5 MPH)
|
|
Batting: RHB Adam Turpin
|
0-0: Ball 1-0: Ball 2-0: Called Strike 2-1: Ground out 5-3 (Groundball, 5, EV 85.6 MPH)
|
|
Pitching: LHP Eric Larsen
|
|
|
Batting: RHB Alex Zamora
|
0-0: Ball 1-0: Ball 2-0: Called Strike 2-1: SINGLE (Line Drive, 5D, EV 98.1 MPH) Kunizo Yanagisawa to third Runner from 3rd tries for Home, throw by LF and OUT! 7-2
|
|
Batting: RHB Jason Penfield
|
0-0: Foul Ball, location: 2F 0-1: Ball 1-1: SINGLE (Groundball, 56D, EV 105.6 MPH) Alex Zamora to second
|
|
Batting: RHB Jim Erdody
|
0-0: Hit by Pitch Alex Zamora to third Jason Penfield to second
|
|
Batting: RHB Eric Waugaman
|
0-0: Called Strike 0-1: Ball 1-1: Ball 2-1: Ball 3-1: Base on Balls Alex Zamora scores Jason Penfield to third Jim Erdody to second
|
|
Batting: LHB Sean Banks
|
0-0: Ball 1-0: Called Strike 1-1: Ground out 4-3 (Groundball, 34, EV 86.2 MPH)
|
| Top of the 6th over - 1 run, 2 hits, 1 error, 3 left on base; Bowling Green 3 - Kannapolis 2 |
| BOTTOM OF THE 6TH |
|
Kannapolis Intimidators batting - Pitching for Bowling Green Hot Rods : RHP Ryan Van Riper
|
|
Batting: RHB Mark Jones
|
0-0: Reached on error, E4 (Groundball, 4M, EV 108.8 MPH)
|
|
Batting: LHB Herkko Haavikko
|
0-0: Ball 1-0: Foul Ball, location: 2F 1-1: Ball 2-1: Foul Ball, location: 2F 2-2: Fielders Choice at 2nd, 4-6 (Groundball, 4MS, EV 83.1 MPH)
|
|
Batting: RHB Armando Vazquez
|
0-0: Foul Ball, location: 2F 0-1: Grounds into double play, 3-6-3 (Groundball, 34S, EV 83.1 MPH)
|
| Bottom of the 6th over - 0 runs, 0 hits, 1 error, 0 left on base; Bowling Green 3 - Kannapolis 2 |
| TOP OF THE 7TH |
|
Bowling Green Hot Rods batting - Pitching for Kannapolis Intimidators : LHP Eric Larsen
|
|
Batting: RHB Chris Glavin
|
0-0: Called Strike 0-1: Called Strike 0-2: Strikes out swinging
|
|
Batting: RHB Isaiah Easter
|
0-0: Ball 1-0: Called Strike 1-1: Ball 2-1: Ball 3-1: Called Strike 3-2: Foul Ball, location: 2F 3-2: Strikes out swinging
|
|
Batting: RHB Kunizo Yanagisawa
|
0-0: Swinging Strike 0-1: Foul Ball, location: 2F 0-2: Ball 1-2: Strikes out swinging
|
| Top of the 7th over - 0 runs, 0 hits, 0 errors, 0 left on base; Bowling Green 3 - Kannapolis 2 |
| BOTTOM OF THE 7TH |
|
Kannapolis Intimidators batting - Pitching for Bowling Green Hot Rods : RHP Ryan Van Riper
|
|
Batting: SHB Jose Castillo
|
0-0: Called Strike 0-1: Swinging Strike 0-2: Foul Ball, location: 2F 0-2: DOUBLE (Line Drive, 7LS, EV 100.6 MPH)
|
|
Pinch Hitting: LHB James Groshong
|
0-0: Ball 1-0: Foul Ball, location: 2F 1-1: Called Strike 1-2: Foul Ball, location: 2F 1-2: Strikes out swinging
|
|
Batting: RHB Jerry Edmiston
|
0-0: Fly out, F6 (Popup, 4MS, EV 72.5 MPH)
|
|
Pinch Hitting: RHB Duncan Collins
|
0-0: Ball Wild Pitch! Jose Castillo to third 1-0: Swinging Strike 1-1: Ball 2-1: Foul Ball, location: 2F 2-2: Ball 3-2: 2-RUN HOME RUN (Flyball, 7LD, EV 91.9 MPH), Distance : 334 ft
|
|
Batting: RHB Sean Peake
|
0-0: Ground out 4-3 (Groundball, 4, EV 99.4 MPH)
|
| Bottom of the 7th over - 2 runs, 2 hits, 0 errors, 0 left on base; Bowling Green 3 - Kannapolis 4 |
| TOP OF THE 8TH |
|
Bowling Green Hot Rods batting - Pitching for Kannapolis Intimidators : LHP Eric Larsen
|
|
Pitching: RHP Nate Myers
|
|
|
Now at 1B: Ethan Villalobos
|
|
|
Now at 3B: Nick Kleckner
|
|
|
Now at SS: Luwen Storm
|
|
|
Now in LF: Jose Castillo
|
|
|
Batting: RHB Adam Turpin
|
0-0: Foul Ball, location: 2F 0-1: Called Strike 0-2: Ground out 6-3 (Groundball, 6, EV 93.8 MPH)
|
|
Batting: RHB Alex Zamora
|
0-0: Called Strike 0-1: Foul Ball, location: 2F 0-2: Ball 1-2: Ball 2-2: Ball 3-2: Foul Ball, location: 2F 3-2: SOLO HOME RUN (Flyball, 7D, EV 96.9 MPH), Distance : 361 ft
|
|
Batting: SHB Wayne Hattan
|
0-0: Called Strike 0-1: Swinging Strike 0-2: Ball 1-2: Strikes out swinging
|
|
Pinch Hitting: LHB Mario Ocana
|
0-0: Ball 1-0: Swinging Strike 1-1: Ball 2-1: Ball 3-1: Foul Ball, location: 2F 3-2: Base on Balls
|
|
Batting: RHB Eric Waugaman
|
0-0: Called Strike 0-1: Ball 1-1: Ball Wild Pitch! Mario Ocana to second 2-1: Swinging Strike 2-2: Fly out, F9 (Flyball, 9, EV 86.2 MPH)
|
| Top of the 8th over - 1 run, 1 hit, 0 errors, 1 left on base; Bowling Green 4 - Kannapolis 4 |
| BOTTOM OF THE 8TH |
|
Kannapolis Intimidators batting - Pitching for Bowling Green Hot Rods : RHP Ryan Van Riper
|
|
Now at 2B: Mario Ocana
|
|
|
Now at SS: Chris Glavin
|
|
|
Batting: RHB Tatsunori Hayakawa
|
0-0: Called Strike 0-1: Called Strike 0-2: Ground out 6-3 (Groundball, 6S, EV 61.2 MPH)
|
|
Batting: RHB Mark Jones
|
0-0: Called Strike 0-1: Swinging Strike 0-2: Strikes out swinging
|
|
Batting: SHB Ethan Villalobos
|
0-0: Ball 1-0: Foul Ball, location: 2F 1-1: Ball 2-1: Foul Ball, location: 2F 2-2: Ball 3-2: Ground out 6-3 (Groundball, 4S, EV 74.4 MPH)
|
| Bottom of the 8th over - 0 runs, 0 hits, 0 errors, 0 left on base; Bowling Green 4 - Kannapolis 4 |
| TOP OF THE 9TH |
|
Bowling Green Hot Rods batting - Pitching for Kannapolis Intimidators : RHP Nate Myers
|
|
Pitching: RHP Chris Worster
|
|
|
Batting: LHB Sean Banks
|
0-0: Called Strike 0-1: Ball 1-1: Ball 2-1: Called Strike 2-2: Ground out 4-3 (Groundball, 4, EV 100.0 MPH)
|
|
Batting: RHB Chris Glavin
|
0-0: Ball 1-0: Called Strike 1-1: Called Strike 1-2: Ball 2-2: Ball 3-2: Ground out 5-3 (Groundball, 56, EV 97.5 MPH)
|
|
Pinch Hitting: LHB Rich Matthews
|
0-0: Ground out U3 (Groundball, 34, EV 80.6 MPH)
|
| Top of the 9th over - 0 runs, 0 hits, 0 errors, 0 left on base; Bowling Green 4 - Kannapolis 4 |
| BOTTOM OF THE 9TH |
|
Kannapolis Intimidators batting - Pitching for Bowling Green Hot Rods : RHP Ryan Van Riper
|
|
Pitching: LHP Ryan Folks
|
|
|
Now in CF: Jesse Haddad
|
|
|
Batting: RHB Armando Vazquez
|
0-0: Ball 1-0: Foul Ball, location: 2F 1-1: Ball 2-1: SINGLE (Line Drive, 4D, EV 105.0 MPH)
|
|
Batting: SHB Jose Castillo
|
0-0: Bunted foul 0-1: Sac Bunt to 15S - play at first, batter OUT! 1-3 Armando Vazquez to second
|
|
Batting: RHB Luwen Storm
|
0-0: Intentional Walk
|
|
Batting: RHB Jerry Edmiston
|
0-0: Fly out, F8 (Flyball, 89S, EV 76.2 MPH)
|
|
Batting: RHB Nick Kleckner
|
0-0: Called Strike 0-1: Called Strike 0-2: Ball 1-2: Ground out 5-3 (Groundball, 56, EV 104.4 MPH)
|
| Bottom of the 9th over - 0 runs, 1 hit, 0 errors, 2 left on base; Bowling Green 4 - Kannapolis 4 |
| TOP OF THE 10TH |
|
Bowling Green Hot Rods batting - Pitching for Kannapolis Intimidators : RHP Chris Worster
|
|
Batting: RHB Kunizo Yanagisawa
|
0-0: Called Strike 0-1: Fly out, F8 (Flyball, 89D, EV 88.8 MPH)
|
|
Batting: RHB Adam Turpin
|
0-0: Called Strike 0-1: Swinging Strike 0-2: Foul Ball, location: 2F 0-2: Ball 1-2: SINGLE (Groundball, 56D, EV 94.4 MPH)
|
|
Batting: RHB Alex Zamora
|
0-0: Fielders Choice at 2nd, 4-6 (Groundball, 4, EV 103.1 MPH)
|
|
Batting: SHB Wayne Hattan
|
0-0: Swinging Strike 0-1: Foul Ball, location: 2F 0-2: SINGLE (Line Drive, 8RS, EV 86.9 MPH) Alex Zamora to second
|
|
Batting: LHB Mario Ocana
|
0-0: Ball 1-0: Ball 2-0: Called Strike 2-1: Foul Ball, location: 2F 2-2: Ball 3-2: Base on Balls Alex Zamora to third Wayne Hattan to second
|
|
Pitching: RHP Dicky Goedhart
|
|
|
Batting: RHB Eric Waugaman
|
0-0: Fielders Choice at 2nd, U6 (Groundball, 6M, EV 84.4 MPH)
|
| Top of the 10th over - 0 runs, 2 hits, 0 errors, 3 left on base; Bowling Green 4 - Kannapolis 4 |
| BOTTOM OF THE 10TH |
|
Kannapolis Intimidators batting - Pitching for Bowling Green Hot Rods : LHP Ryan Folks
|
|
Batting: RHB Sean Peake
|
0-0: Called Strike 0-1: Fly out, F8 (Line Drive, 89M, EV 91.2 MPH)
|
|
Batting: RHB Tatsunori Hayakawa
|
0-0: Ball 1-0: Ball 2-0: Called Strike 2-1: Fly out, F6 (Popup, 4M, EV 63.8 MPH)
|
|
Batting: RHB Mark Jones
|
0-0: Ball 1-0: Ball 2-0: Ball 3-0: Base on Balls
|
|
Pinch Runner at 1st Dunlang Clark:
|
|
|
Batting: SHB Ethan Villalobos
|
0-0: Ball 1-0: Ball Dunlang Clark steals 2nd base 2-0: Ball 3-0: Called Strike 3-1: Base on Balls
|
|
Pitching: RHP Josh Heath
|
|
|
Batting: RHB Armando Vazquez
|
0-0: Called Strike 0-1: Ball 1-1: Foul Ball, location: 2F 1-2: Ball 2-2: Ball 3-2: SINGLE (Line Drive, 78S, EV 101.2 MPH) Dunlang Clark to third Ethan Villalobos to second Dunlang Clark scores Ethan Villalobos to third
|
| Bottom of the 10th over - 1 run, 1 hit, 0 errors, 2 left on base; Bowling Green 4 - Kannapolis 5 |
|